 Dungeon Crawl Stone Soup version 0.30-a0-743-gbfdf073431 (webtiles) character file.

Game seed: 10781099514781810255

992 Newt the Skirmisher (level 8, -1/49 HPs)
             Began as a Kobold Hunter on Feb 7, 2023.
             Was an Initiate of Gozag.
             Slain by a wyvern (6 damage)
             ... on level 6 of the Dungeon.
             The game lasted 00:05:16 (4623 turns).

Newt the Skirmisher (Kobold Hunter)                 Turns: 4623, Time: 00:05:17

Health: -1/49      AC: 12    Str:  8    XL:     8   Next: 42%
Magic:  8/8        EV:  6    Int: 11    God:    Gozag
Gold:   378        SH:  0    Dex: 20    Spells: 7/7 levels left

rFire   . . .      SeeInvis .    A - +2 sling (heavy)
rCold   . . .      Faith    .    (no shield)
rNeg    . . .      Spirit   .    u - +1 chain mail of Omebros {rPois Regen+}
rPois   +          Reflect  .    (no helmet)
rElec   .          Harm     .    r - +2 cloak
rCorr   .          Rampage  .    (no gloves)
Will    .....                    (no boots) Stlth
                                 (no amulet)
HPRegen 1.08/turn                (no ring)
MPRegen 0.11/turn                (no ring)

@: no status effects
A: small, no large weapons, nightstalker 3
a: Renounce Religion, Potion Petition, Call Merchant, Bribe Branch


You were on level 6 of the Dungeon.
You worshipped Gozag.
Gozag was aware of your devotion.
You visited 2 branches of the dungeon, and saw 7 of its levels.

You collected 459 gold pieces.
You paid 81 gold pieces to Gozag.

Inventory:

Hand Weapons
 a - a +2 shortbow
 A - a +2 heavy sling (weapon)
Missiles
 f - 5 poisoned darts
Armour
 c - a +1 leather armour
 r - a +2 cloak (worn)
 u - the +1 chain mail of Omebros (worn) {rPois Regen+}
   (You found it on level 3 of the Dungeon)

   rPois:     It protects you from poison.
   Regen:     It increases your rate of health regeneration.
Jewellery
 B - an amulet of reflection
Wands
 o - a wand of digging (1)
 q - a wand of charming (9)
 w - a wand of flame (10)
Scrolls
 b - 2 scrolls of immolation
 d - 2 scrolls of amnesia
 k - 5 scrolls of teleportation
 p - 2 scrolls of fog
 x - a scroll of summoning {unknown}
Potions
 e - 2 potions of heal wounds
 g - a potion of resistance
 h - 5 potions of curing
 i - 2 potions of degeneration
 j - 3 potions of might
 l - a potion of haste
 m - a potion of cancellation
 n - a potion of berserk rage
 s - a potion of attraction
 t - a potion of magic
 v - a potion of lignification {unknown}
 z - a potion of brilliance {unknown}


   Skills:
 - Level 5.0 Fighting
 - Level 10.0 Ranged Weapons
 - Level 6.0 Dodging
 - Level 1.3 Stealth
 + Level 2.3 Evocations


You had 7 spell levels left.
You didn't know any spells.
Your spell library contained the following spells:

 Spells                   Type           Power      Damage    Failure   Level
 Beastly Appendage        Tmut           0%         N/A       100%        1
 Magic Dart               Conj           0%         1d3       100%        1
 Searing Ray              Conj           0%         2d4       100%        2
 Wereblood                Tmut           0%         N/A       100%        2
 Spider Form              Tmut/Pois      0%         N/A       100%        3
 Fulminant Prism          Conj/Hex       0%         3d5       100%        4


Dungeon Overview and Level Annotations

Branches:
Dungeon (6/15)             Temple (1/1) D:4

Altars:
Ashenzari
Dithmenos
Elyvilon
Fedhas
Gozag
Kikubaaqudgha
Makhleb
Nemelex Xobeh
Okawaru
Ru
Uskayaw
Vehumet
Wu Jian
Yredelemnul
Zin


Innate Abilities, Weirdness & Mutations

You are small and have problems with some larger weapons.
You are completely attuned to the shadows.


Message History

The wyvern hisses angrily.
Found 3 poisoned darts.
A wyvern is nearby!
You shoot a sling bullet.
The sling bullet hits the wyvern but does no damage.
The wyvern bites you! x2
You shoot a sling bullet. The sling bullet hits the wyvern!
The wyvern is heavily wounded.
The wyvern closely misses you.
The wyvern bites you but does no damage.
The wyvern bites you!
You are too injured to fight recklessly!
You are too injured to fight recklessly!
You are too injured to fight recklessly!
You are too injured to fight recklessly!
Unknown command.
You shoot a sling bullet.
The sling bullet barely misses the wyvern.
The wyvern bites you. The wyvern barely misses you.
The wyvern closely misses you.
You shoot a sling bullet. The sling bullet hits the wyvern!
The wyvern is almost dead.
The wyvern barely misses you. The wyvern bites you.
The wyvern barely misses you.
You shoot a sling bullet.
The sling bullet closely misses the wyvern.
The wyvern bites you but does no damage.
The wyvern bites you. The wyvern bites you!
You shoot a sling bullet.
The sling bullet barely misses the wyvern.
The wyvern bites you.
The wyvern bites you but does no damage.
The wyvern hisses menacingly.
The wyvern bites you!
* * * LOW HITPOINT WARNING * * *
You shoot a sling bullet.
The sling bullet closely misses the wyvern.
The wyvern bites you.
You die...
Your body crumbles into a pile of gold.

.......##**,,,* ##...#
###......,,,,** ##....#
##...##**,..#* ##....##
#..## ***#..###...###
#.#####8**#..#...##
#.#...#_~§*#....##
#....#*,,≈§##..##
#..###*,,.≈≈#..# #.##
*8_,.(.l@.#
#..###*,,.≈≈#..#* ****
##....#*,,≈≈*#...#***,,**
#..#...*_~§##.....#*,,,,*
###..####*8*##....###*,,,,*
......## *###..#...#,,*,,,*
.......####...#.....,,,****
...............<...#****
#.............)...##


You could see a wyvern.

Vanquished Creatures
  A wraith (D:5)
  A black bear (D:5)
  An ice beast (D:6)
  A phantom (D:3)
  A necrophage (D:5)
  2 scorpions
  An orc priest (D:3)
  2 hounds
  2 jellies (D:6)
  An iguana (D:5)
  Ijyb (D:4)
  3 orc wizards
  3 gnolls (D:2)
  3 adders
  A shadow imp (D:5)
  A worm (D:3)
  A dart slug (D:2)
  8 orcs
  6 ball pythons
  4 endoplasms
  4 giant cockroaches
  7 goblins
  9 hobgoblins
  4 quokkas
  6 bats
  4 frilled lizards
  7 kobolds
  2 rats (D:1)
87 creatures vanquished.

Vanquished Creatures (others)
  A plant (D:5)
1 creature vanquished.

Grand Total: 88 creatures vanquished

Notes
Turn   | Place    | Note
-------+----------+-------------------------------------------
     0 | D:1      | Newt the Kobold Hunter began the quest for the Orb.
     0 | D:1      | Reached XP level 1. HP: 12/12 MP: 1/1
   161 | D:1      | Reached XP level 2. HP: 18/18 MP: 2/2
   479 | D:1      | Reached XP level 3. HP: 23/23 MP: 3/3
   806 | D:2      | Found a hide-covered altar of Uskayaw.
   859 | D:2      | Identified the +1 hand axe of the Equator {speed, rCorr
                  | Dex+3}
   994 | D:2      | Reached XP level 4. HP: 30/30 MP: 4/4
  1559 | D:3      | Found a sparkling altar of Nemelex Xobeh.
  1611 | D:3      | Reached skill level 5 in Fighting
  1611 | D:3      | Reached XP level 5. HP: 26/35 MP: 5/5
  1619 | D:3      | Reached skill level 6 in Ranged Weapons
  2146 | D:3      | Identified the +1 chain mail of Omebros {rPois Regen+}
  2422 | D:4      | Noticed Ijyb
  2422 | D:4      | Noticed a phantom
  2436 | D:3      | Reached skill level 7 in Ranged Weapons
  2436 | D:3      | Reached XP level 6. HP: 39/40 MP: 6/6
  2458 | D:3      | Reached skill level 8 in Ranged Weapons
  2478 | D:4      | Killed Ijyb
  2611 | D:4      | Found a basalt altar of Yredelemnul.
  2713 | D:4      | Found a broken altar of Ashenzari.
  2771 | D:4      | Found a staircase to the Ecumenical Temple.
  2798 | Temple   | Entered the Ecumenical Temple
  3071 | D:4      | Reached XP level 7. HP: 44/44 MP: 7/7
  3167 | D:4      | Identified the +5 flail of Yrohemut {holy, rF++ Dex+4}
  3294 | D:4      | Found an opulent altar of Gozag.
  3393 | D:4      | Became a worshipper of Gozag Ym Sagoz the Greedy
  3487 | D:4      | Found a glowing silver altar of Zin.
  3572 | D:5      | Entered Level 5 of the Dungeon
  3680 | D:5      | Reached skill level 9 in Ranged Weapons
  3708 | D:5      | Found an ornate altar of the Wu Jian Council.
  3832 | D:5      | Found a sacrificial altar of Ru.
  4112 | D:5      | Reached skill level 10 in Ranged Weapons
  4371 | D:5      | Found a white marble altar of Elyvilon.
  4385 | D:5      | Noticed a wraith
  4390 | D:5      | Killed a wraith
  4391 | D:5      | Reached skill level 5 in Dodging
  4391 | D:5      | Reached XP level 8. HP: 49/49 MP: 8/8
  4455 | D:6      | Reached skill level 1 in Evocations
  4616 | D:6      | Noticed a wyvern
  4623 | D:6      | Slain by a wyvern

Illustrated notes

Levels and vault maps discovered:
D:1:      scummos_arrival_star, layout_loops_ring
D:2:      layout_rooms, basic_altar
D:3:      layout_loops_ring, amcnicky_altar_gilded
D:4:      layout_rooms, pdpol_temple_overflow_zin_treasury_gozag_greed,
          ashenzari_conservatory_becter, mainiacjoe_overflow_chevrons,
          minmay_temple_entry_slanted, nrook_loot_triangle,
          dreamdust_princess_bridge, uniq_ijyb
D:5:      layout_loops_ring, mainiacjoe_overflow_alcove_4,
          nzn_wu_jian_contemplation, lemuel_tele_altar, corexii_shack
D:6:      layout_layer_cave, gammafunk_temple_overflow_claw
Temple:   nicolae_temple_bog_church

Skill      XL: |  1  2  3  4  5  6  7  8 |
---------------+-------------------------+-----
Fighting       | 3 4 5 |  5.0
Ranged Weapons | 7 8 10 | 10.0
Dodging        | 5 6 |  6.0
Evocations     | 2 |  2.3
Stealth        | |  1.3

Action                     |  1- 3 |  4- 6 |  7- 9 || total
---------------------------+-------+-------+-------++-------
   Fire: Shortbow          |    90 |   130 |    39 ||   259
         Sling             |       |       |    47 ||    47
  Throw: Dart              |       |     1 |       ||     1
    Use: Scroll            |       |    14 |     5 ||    19
         Potion            |       |     1 |       ||     1
 Armour: Leather armour    |    10 |     4 |       ||    14
         Chain mail        |       |   112 |    67 ||   179
  Dodge: Dodged            |    43 |    53 |    25 ||   121

Table legend: (Time is in decaauts)
 A = Elapsed time spent in this place.
 B = Non-inter-level travel time spent in this place.
 C = Inter-level travel time spent in this place.
 D = Time resting spent in this place.
 E = Time spent auto-exploring this place.
 F = Levels seen in this place.
 G = Mean time per level.
                   A        B        C        D        E       F      G
               +--------+--------+--------+--------+--------+-----+--------+
         Total |   4841 |   4619 |    222 |    391 |   3470 |   7 |  691.6 |
       Dungeon |   4557 |   4359 |    198 |    391 |   3218 |   6 |  759.5 |
        Temple |    283 |    259 |     24 |      0 |    252 |   1 |  283.0 |
               +--------+--------+--------+--------+--------+-----+--------+

Top non-repeatable levels by time:
     D:3: 956 daAuts
     D:4: 902 daAuts
     D:5: 878 daAuts
     D:2: 829 daAuts
     D:1: 746 daAuts
  Temple: 283 daAuts
     D:6: 244 daAuts
